 Dungeon Crawl Stone Soup version 0.28.0-53-g5a82cb258f (webtiles) character file.

Game seed: 906046858428130660

10345 selky the Severer (level 11, -22/145 HPs)
             Began as a Minotaur Berserker on July 7, 2022.
             Was a Priest of Trog.
             Annihilated by a very large slime creature (45 damage)
             ... on level 9 of the Dungeon.
             The game lasted 00:15:28 (8992 turns).

selky the Severer (Minotaur Berserker)              Turns: 8992, Time: 00:15:29

Health: -22/145    AC: 16    Str: 22    XL:     11   Next: 35%
Magic:  19/19      EV:  7    Int: 10    God:    Trog [***...]
Gold:   289        SH:  0    Dex: 10    Spells: 10/10 levels left

rFire   + + .      SeeInvis .   v - +0 war axe
rCold   . . .      Faith    .   (no shield)
rNeg    . . .      Spirit   .   F - +2 plate armour
rPois   +          Reflect  .   (helmet restricted)
rElec   +          Harm     .   (no cloak)
rCorr   .          Rampage  .   (no gloves)
Will    .....                   E - +0 pair of boots
Stlth   ..........              s - amulet of regeneration
HPRegen 1.14/turn               j - ring "Pyrij" {rPois rF++ Str-4 Int+6 Stlth+}
MPRegen 0.16/turn               I - ring "Gallext" {rElec MP+9 Slay+4}

@: berserking, very quick
A: horns 2, retaliatory headbutt
a: Renounce Religion, Berserk, Trog's Hand


You were on level 9 of the Dungeon.
You worshipped Trog.
Trog was most pleased with you.
You visited 1 branch of the dungeon, and saw 9 of its levels.

You collected 399 gold pieces.
You spent 110 gold pieces at shops.

Inventory:

Hand Weapons
 a - a +1 hand axe
 p - a +1 shortbow of flaming
 v - a +0 war axe (weapon)
Missiles
 q - 114 arrows
Armour
 b - a +0 animal skin
 k - a +1 scale mail
 E - a +0 pair of boots (worn)
 F - a +2 plate armour (worn)
Jewellery
 j - the ring "Pyrij" (left hand) {rPois rF++ Str-4 Int+6 Stlth+}
   (You took it off a goblin on level 3 of the Dungeon)

   [ring of intelligence]

   Str:       It affects your strength (-4).
   Int:       It affects your intelligence (+6).
   rF:        It greatly protects you from fire.
   rPois:     It protects you from poison.
   Stlth:     It makes you more stealthy.
 s - an amulet of regeneration (around neck)
 x - the ring of Entrepreneurial Spirit {Drain rPois Will+++ MP+9 Str-2}
   (You bought it in a shop on level 5 of the Dungeon)

   [ring of magical power]

   Str:       It affects your strength (-2).
   rPois:     It protects you from poison.
   MP:        It affects your magic capacity (+9).
   Drain:     It drains your maximum health when unequipped.
   Will:      It greatly increases your willpower.
 y - a +4 ring of slaying
 I - the ring "Gallext" (right hand) {rElec MP+9 Slay+4}
   (You found it on level 8 of the Dungeon)

   [ring of slaying]

   Slay:      It affects your accuracy & damage with ranged weapons and melee
   (+4).
   rElec:     It insulates you from electricity.
   MP:        It affects your magic capacity (+9).
 J - a ring of willpower
 K - an amulet of the acrobat
 L - a +6 ring of strength
Wands
 l - a wand of acid (8)
 H - a wand of iceblast (11)
Scrolls
 f - 2 scrolls of enchant weapon
 g - a scroll of blinking
 h - 2 scrolls of fog
 n - 2 scrolls of identify
 r - 2 scrolls of fear
 z - a scroll of torment {unknown}
 B - a scroll of silence {unknown}
 C - 4 scrolls of teleportation {unknown}
 D - a scroll of immolation {unknown}
Potions
 c - 4 potions of curing
 d - a potion of cancellation {unknown}
 e - 2 potions of mutation
 i - a potion of attraction
 m - a potion of berserk rage
 o - a potion of haste
 t - 2 potions of might
 u - a potion of heal wounds {unknown}
 w - 3 potions of lignification {unknown}
 A - 3 potions of brilliance {unknown}
 G - a potion of flight {unknown}


   Skills:
 * Level 9.1 Fighting
 + Level 17.9 Axes
 * Level 3.0 Bows
 + Level 7.3 Armour
 + Level 2.8 Dodging


You had 10 spell levels left.
You didn't know any spells.
Your spell library was empty.

Dungeon Overview and Level Annotations

Branches:
Dungeon (9/15)             Temple (0/1) D:6            Lair (0/6) D:8
    Orc: D:9-12

Altars:
Ashenzari
Dithmenos
Gozag
Kikubaaqudgha
Makhleb
Nemelex Xobeh
Okawaru
Qazlal
Trog
Uskayaw
Xom
Zin

Shops:
D:4 [   D:5 =*


Innate Abilities, Weirdness & Mutations

You have a pair of horns on your head.
You reflexively headbutt those who attack you in melee.


Message History

You slash the large slime creature!
The large slime creature is heavily wounded.
Two slime creatures merge to form a very large slime creature.
You slash the very large slime creature!
You headbutt the very large slime creature.
The very large slime creature is heavily wounded.
The very large slime creature barely misses you.
You furiously retaliate!
You headbutt the very large slime creature!
You hit the very large slime creature.
The very large slime creature is heavily wounded.
You slice the very large slime creature!!
Your headbutt misses the very large slime creature.
The very large slime creature is severely wounded.
The very large slime creature barely misses you.
You hit the very large slime creature.
The very large slime creature is severely wounded.
The very large slime creature hits you.
You hit the very large slime creature.
The very large slime creature is severely wounded.
You slash the very large slime creature!
The very large slime creature is severely wounded.
The very large slime creature hits you!!!
You slash the very large slime creature!
You headbutt the very large slime creature!
The very large slime creature is almost dead.
The very large slime creature hits you!!
* * * LOW HITPOINT WARNING * * *
You are too injured to fight recklessly!
Unknown command.
A red film seems to cover your vision as you go berserk!
You feel yourself moving faster!
You feel mighty! The very large slime creature hits you.
* * * LOW HITPOINT WARNING * * *
You slash the very large slime creature!
The very large slime creature is almost dead.
You slash the very large slime creature!
The very large slime creature is almost dead.
The very large slime creature hits you!!!
You die...

########################
......J@................
......#################.
####. #.
#..#################.
....................
....................
#######..###########
#..# #..#


You could see a very large slime creature.

Vanquished Creatures
  A hydra (D:8)
  A centaur warrior (D:8)
  3 death yaks
  An ugly thing (D:8)
  A slime creature (D:9)
  A cyclops (D:8)
  Joseph (D:7)
  3 trolls (D:8)
  The ghost of EyeSee2020 the Skirmisher, an amateur HOFi of Beogh (D:5)
  Grinder (D:3)
  5 yaks
  A wraith (D:8)
  A vampire (D:8)
  A basilisk (D:8)
  A vampire mosquito (D:8)
  Menkaure (D:6)
  A steam dragon (D:7)
  An acid dragon (D:8)
  3 water moccasins
  3 orc warriors
  A black bear (D:6)
  An ogre (D:5)
  4 ice beasts
  2 sky beasts
  2 necrophages
  2 centaurs
  4 kobold brigands
  A gnoll sergeant (D:8)
  2 wyvern zombies
  3 bullfrogs
  A scorpion (D:4)
  3 howler monkeys
  3 centaur zombies
  A hound (D:4)
  An orc priest (D:7)
  2 gnoll shamans
  2 jellies (D:7)
  Ijyb (D:4)
  Terence (D:3)
  An orc wizard (D:7)
  2 killer bee zombies (D:8)
  A hound zombie (D:5)
  3 hound skeletons
  2 howler monkey zombies
  A howler monkey skeleton (D:6)
  12 gnolls
  6 adders
  2 white imps
  An adder skeleton (D:5)
  4 worms
  2 dart slugs
  11 orcs
  3 ball pythons
  5 endoplasms
  A giant cockroach (D:1)
  4 goblins
  11 hobgoblins
  4 jackals (D:1)
  12 kobolds
  6 quokkas
  9 bats
  2 frilled lizards
  4 rats
178 creatures vanquished.

Vanquished Creatures (collateral kills)
  An ogre (D:5)
  A hound skeleton (D:4)
2 creatures vanquished.

Vanquished Creatures (others)
  A plant (D:8)
  10 toadstools (D:5)
11 creatures vanquished.

Grand Total: 191 creatures vanquished

Notes
Turn   | Place    | Note
-------+----------+-------------------------------------------
     0 | D:1      | selky the Minotaur Berserker began the quest for the Orb.
     0 | D:1      | Reached XP level 1. HP: 19/19 MP: 0/0
   115 | D:1      | Reached skill level 4 in Axes
   361 | D:1      | Reached XP level 2. HP: 24/26 MP: 1/1
   756 | D:1      | Reached skill level 5 in Axes
   844 | D:1      | Reached ** piety under Trog
  1121 | D:2      | Reached XP level 3. HP: 30/31 MP: 2/2
  2066 | D:2      | Found a faded altar of an unknown god.
  2312 | D:3      | Reached skill level 6 in Axes
  2312 | D:3      | Reached XP level 4. HP: 6/39 MP: 3/3
  2748 | D:3      | Noticed Grinder
  2755 | D:3      | Killed Grinder
  2756 | D:3      | Reached skill level 8 in Axes
  2756 | D:3      | Reached XP level 5. HP: 45/45 MP: 4/4
  2756 | D:3      | Reached XP level 6. HP: 51/51 MP: 5/5
  2766 | D:3      | Identified the ring "Pyrij" {rPois rF++ Str-4 Int+6 Stlth+}
  2914 | D:3      | Found a broken altar of Ashenzari.
  2957 | D:3      | Noticed Terence
  2962 | D:3      | Killed Terence
  3223 | D:4      | Reached skill level 9 in Axes
  3593 | D:4      | Found Sudghir's Armour Shoppe.
  3635 | D:4      | Noticed Ijyb
  3644 | D:4      | Killed Ijyb
  4255 | D:4      | Reached XP level 7. HP: 15/57 MP: 6/6
  4598 | D:4      | Reached skill level 10 in Axes
  4707 | D:4      | Found a stormy altar of Qazlal.
  4859 | D:4      | Found a glowing silver altar of Zin.
  4915 | D:4      | Found an iron altar of Okawaru.
  4915 | D:4      | Found a bloodstained altar of Trog.
  4999 | D:5      | Entered Level 5 of the Dungeon
  5120 | D:5      | Found a hide-covered altar of Uskayaw.
  5128 | D:5      | Noticed EyeSee2020's ghost (amateur HOFi)
  5131 | D:5      | Found a runed translucent door.
  5160 | D:5      | Killed EyeSee2020's ghost
  5161 | D:5      | Reached skill level 11 in Axes
  5169 | D:5      | Reached XP level 8. HP: 64/64 MP: 7/7
  5169 | D:5      | Found Mouc's Jewellery Boutique.
  5333 | D:5      | Reached skill level 12 in Axes
  5546 | D:5      | Found Tobi's Assorted Antiques.
  5556 | D:5      | Bought a shimmering jade ring for 110 gold pieces
  5556 | D:5      | Identified the ring of Entrepreneurial Spirit {Drain rPois
                  | Will+++ MP+9 Str-2} (You bought it in a shop on level 5 of
                  | the Dungeon)
  5945 | D:6      | Found a sparkling altar of Nemelex Xobeh.
  6123 | D:6      | Reached skill level 13 in Axes
  6185 | D:6      | Found a staircase to the Ecumenical Temple.
  6206 | D:6      | Noticed Menkaure
  6212 | D:6      | Killed Menkaure
  6401 | D:6      | Found a shadowy altar of Dithmenos.
  6426 | D:6      | Reached skill level 14 in Axes
  6790 | D:7      | Reached XP level 9. HP: 67/70 MP: 8/8
  6871 | D:7      | Noticed Joseph
  6883 | D:7      | Killed Joseph
  7018 | D:7      | Reached skill level 15 in Axes
  7043 | D:7      | Found a shimmering altar of Xom.
  7044 | D:7      | Found a shimmering altar of Xom.
  7044 | D:7      | Found a shimmering altar of Xom.
  7058 | D:7      | Found a shimmering altar of Xom.
  7058 | D:7      | Found a shimmering altar of Xom.
  7058 | D:7      | Found a shimmering altar of Xom.
  7070 | D:7      | Found a shimmering altar of Xom.
  7070 | D:7      | Found a shimmering altar of Xom.
  7085 | D:7      | Found a shimmering altar of Xom.
  7321 | D:7      | Found a shimmering altar of Xom.
  7393 | D:7      | Noticed a meliai
  7410 | D:7      | Found a burning altar of Makhleb.
  7564 | D:8      | Reached skill level 16 in Axes
  7608 | D:8      | Found an ancient bone altar of Kikubaaqudgha.
  7633 | D:8      | Reached *** piety under Trog
  7718 | D:8      | Noticed a cyclops
  7718 | D:8      | Noticed a troll
  7718 | D:8      | Noticed a centaur warrior
  7718 | D:8      | Noticed a brown ugly thing
  7751 | D:8      | Killed a cyclops
  7753 | D:8      | Reached XP level 10. HP: 75/80 MP: 9/9
  7766 | D:8      | Killed a centaur warrior
  7767 | D:8      | Reached skill level 5 in Fighting
  7767 | D:8      | Reached skill level 17 in Axes
  7943 | D:8      | Killed a brown ugly thing
  7985 | D:8      | Identified the ring "Gallext" {rElec MP+9 Slay+4}
  8070 | D:8      | Reached skill level 5 in Armour
  8174 | D:8      | Found an opulent altar of Gozag.
  8293 | D:8      | Noticed a six-headed hydra
  8333 | D:8      | Found the +1 robe of Vines {NoPotionHeal Regen++++}
  8361 | D:8      | Killed an 11-headed hydra
  8362 | D:8      | Reached skill level 1 in Bows
  8499 | D:8      | Noticed a death yak
  8499 | D:8      | Noticed a death yak
  8524 | D:8      | Killed a death yak
  8525 | D:8      | Reached XP level 11. HP: 92/94 MP: 10/10
  8531 | D:8      | Killed a death yak
  8532 | D:8      | Noticed a death yak
  8586 | D:7      | Killed a death yak
  8655 | D:8      | Found a staircase to the Lair.
  8992 | D:9      | Annihilated by a very large slime creature

Illustrated notes

Levels and vault maps discovered:
D:1:      dpeg_chamrin_arrival_tetris, layout_basic, minmay_misc_feat_tiny,
          moated_statue
D:2:      layout_basic, ebering_ecumenical_altar_sacrificial,
          amcnicky_mini_rare_corridor_liquid
D:3:      layout_basic, ashenzari_conservatory_becter, hangedman_decor_opposing,
          uniq_terence, uniq_grinder
D:4:      layout_basic, grunt_qazlal_clouds, grunt_temple_overflow_bloody_war,
          mainiacjoe_overflow_alcove_4, serial_shops,
          nicolae_shop_competitors_out_of_business, kennysheep_generic_room_3,
          uniq_ijyb
D:5:      cheibrodos_fertilizer, layout_loops_cross,
          eat_drink_and_be_merry_uskayaw, hellmonk_ghost_happy_afterlife,
          serial_shops, nicolae_lakefront_shop, shop, kennysheep_mini
D:6:      kb_forest_paths, layout_loops_corners, lemuel_crystal_altar,
          grunt_dithmenos_smoke_and_mirrors, minmay_temple_entry_trees,
          uniq_menkaure
D:7:      layout_rooms, nicolae_overflow_crystal_walls, xom_shifter_show,
          kennysheep_flooded_box, uniq_joseph
D:8:      minmay_the_grid_triangle_9x9_rhombus_thin
          [minmay_the_grid_triangle_9x9_checkered,
          minmay_the_grid_triangle_9x9_prize_top_heavy,
          minmay_the_grid_triangle_9x9_cache,
          minmay_the_grid_triangle_9x9_corrupted_corridor], layout_basic,
          nicolae_kikubaaqudgha_miasma_corner, kennysheep_mini_moat,
          dpeg_lair_monsters, hellmonk_guarded_unrand_vines
D:9:      layout_long_grid

Skill      XL: |  1  2  3  4  5  6  7  8  9 10 11 |
---------------+----------------------------------+-----
Axes           | 4 5 6 8 9 11 14 16 17 | 17.9
Fighting       | 4 7 9 |  9.1
Armour         | 3 6 7 |  7.3
Bows           | 1 3 |  3.0
Dodging        | |  2.8

Action                   |  1- 3 |  4- 6 |  7- 9 | 10-12 || total
-------------------------+-------+-------+-------+-------++-------
Melee: Hand axe          |   100 |    76 |    43 |       ||   219
       Headbutt          |    16 |    13 |    51 |    36 ||   116
       Punch             |     1 |     3 |     4 |     4 ||    12
       War axe           |       |       |   195 |   185 ||   380
Invok: Berserk           |       |     3 |     7 |     6 ||    16
       Trog's Hand       |       |     1 |     1 |     1 ||     3
Evoke: Wand              |       |     2 |       |     2 ||     4
  Use: Scroll            |       |     7 |     8 |     1 ||    16
       Potion            |       |     1 |     2 |       ||     3
 Stab: Sleeping          |     1 |     1 |       |       ||     2
Armor: Animal skin       |    22 |     2 |       |       ||    24
       Scale mail        |       |     7 |    40 |       ||    47
       Plate armour      |       |       |    39 |    76 ||   115
Dodge: Dodged            |    69 |    42 |    87 |    52 ||   250
